 Dungeon Crawl Stone Soup version 0.29.1 (webtiles) character file.

Game seed: 7119947730482670493

42 ragingrage the Grave Robber (level 3, -9/24 HPs)
             Began as a Mummy Necromancer on Sept 12, 2022.
             Killed from afar by Sigmund (15 damage)
             ... with a puff of flame
             ... on level 2 of the Dungeon.
             The game lasted 00:01:07 (1662 turns).

ragingrage the Grave Robber (Mummy Necromancer)     Turns: 1662, Time: 00:01:07

Health: -9/24      AC:  2    Str: 11    XL:     3   Next: 33%
Magic:  7/7        EV: 12    Int: 16    God:
Gold:   139        SH:  0    Dex: 12    Spells: 4/8 levels left

rFire   x . .      SeeInvis .   d - +0 war axe
rCold   + . .      Faith    .   (no shield)
rNeg    + + +      Spirit   .   a - +0 robe
rPois   ∞          Reflect  .   (no helmet)
rElec   .          Harm     .   (no cloak)
rCorr   .          Rampage  .   (no gloves)
Will    .....                   (no boots)
Stlth   ++........              (no amulet)
HPRegen 0.08/turn               (no ring)
MPRegen 0.10/turn               (no ring)

@: no status effects
A: cold resistance 1, negative energy resistance 3, torment resistance 2, heat
vulnerability 1, in touch with death 1, no potions
a: no special abilities


You were on level 2 of the Dungeon.
You visited 1 branch of the dungeon, and saw 2 of its levels.

You collected 139 gold pieces.

Inventory:

Hand Weapons
 d - a +0 war axe (weapon)
Armour
 a - a +0 robe (worn)
Scrolls
 b - a scroll of teleportation {unknown}
 c - a scroll of identify {unknown}


   Skills:
 + Level 2.0 Dodging
 + Level 2.1 Stealth
 + Level 3.2 Spellcasting
 + Level 4.3 Necromancy


You had 4 spell levels left.
You knew the following spells:

 Your Spells              Type           Power      Damage    Failure   Level
a - Necrotise             Necr           96%        1d8       3%          1
b - Vampiric Draining     Necr           24%        2d7       10%         3

Your spell library contained the following spells:

 Spells                   Type           Power      Damage    Failure   Level
 Animate Dead             Necr           24%        N/A       30%         4
 Agony                    Necr           24%        N/A       65%         5


Dungeon Overview and Level Annotations

Branches:
Dungeon (2/15)

Altars:

Annotations:
D:2 Sigmund


Innate Abilities, Weirdness & Mutations

You are immune to poison.
Your flesh is cold resistant. (rC+)
You are immune to negative energy. (rN+++)
You are immune to unholy pain and torment.
You are vulnerable to heat. (rF-)
You are in touch with the powers of death.
You do not drink.


Message History

You can't see any susceptible monsters within range! (Use Z to cast anyway.) No target in view!
You can't see any susceptible monsters within range! (Use Z to cast anyway.) No target in view!
You can't see any susceptible monsters within range! (Use Z to cast anyway.)
You swap places.
Your frilled lizard skeleton crumbles into dust!
You now have 139 gold pieces (gained 6).
Your ball python skeleton crumbles into dust!
Found 2 boomerangs.
You open the door.
There is an open door here.
Sigmund the Dreaded comes into view.
He is wielding a +0 scythe.
Sigmund is nearby!
Sigmund is nearby!
You feel a surge of power!
Sigmund shouts!
Sigmund writhes in agony.
Sigmund gestures wildly while chanting.
Sigmund flickers and vanishes!
Deactivating autopickup; reactivate with Ctrl-A.
You can't see any susceptible monsters within range! (Use Z to cast anyway.)
You can't see any susceptible monsters within range! (Use Z to cast anyway.)
Casting: Necrotise (safe; 3% risk of failure)
Confirm with . or Enter, or press ? or * to list all spells.
Aiming: Necrotise (safe; 3% risk of failure)
Press: ? - help, Shift-Dir - straight line, f - you
Okay, then.
There is an open door here.
As you close the door, it creaks loudly!
A magic dart appears from out of thin air!
The magic dart hits you!
A puff of flame appears from out of thin air!
The puff of flame hits you! The fire burns you terribly!
Ouch! That really hurt!
* * * LOW HITPOINT WARNING * * *
A puff of flame appears from out of thin air!
The puff of flame hits you! The fire burns you terribly!
Ouch! That really hurt!
You die...

##..#......# #.#
....#.####.# #.#
#........#)# #{#
#.#.#.#.##.# #.#
#.#.#.#.##.# #.#
.....>...#.# #.#
#.########.# #.#
#.#........# #.#
#.#.############@##
#.#.#.............#
#.#.#.#############
#.#.#.# #.#.#.# #
#.#.#########
#.#.#.........#
#.#.#.#######.#
#.#.#########.#


There were no monsters in sight!

Vanquished Creatures
  2 adders (D:2)
  2 ball pythons (D:2)
  An endoplasm (D:1)
  A giant cockroach (D:2)
  2 goblins (D:1)
  A quokka (D:1)
  4 bats
  3 frilled lizards
  4 kobolds
20 creatures vanquished.

Vanquished Creatures (collateral kills)
  A dart slug (D:1)
  A frilled lizard (D:1)
2 creatures vanquished.

Grand Total: 22 creatures vanquished

Notes
Turn   | Place    | Note
-------+----------+-------------------------------------------
     0 | D:1      | ragingrage the Mummy Necromancer began the quest for the
                  | Orb.
     0 | D:1      | Reached XP level 1. HP: 13/13 MP: 4/4
   370 | D:1      | Found a faded altar of an unknown god.
   601 | D:1      | Reached XP level 2. HP: 19/19 MP: 2/5
  1146 | D:2      | Gained mutation: You are in touch with the powers of death.
                  | [Mummy growth]
  1146 | D:2      | Reached XP level 3. HP: 14/24 MP: 1/7
  1551 | D:2      | Learned a level 3 spell: Vampiric Draining
  1619 | D:2      | Noticed Sigmund
  1662 | D:2      | Killed from afar by Sigmund

Illustrated notes

Levels and vault maps discovered:
D:1:      minmay_arrival_checkered_box, layout_basic,
          shapermc_ecumenical_altar_mp_highgroup,
          chequers_serial_rivers_micro_b, kennysheep_minor_cross
D:2:      layout_basic, uniq_sigmund

Skill      XL: |  1  2 |
---------------+-------+-----
Spellcasting   | 3 |  3.2
Stealth        | 2 |  2.1
Dodging        | 2 |  2.0
Necromancy     | |  4.3

Action                   || total
-------------------------++-------
Melee: Unarmed           ||    10
       War axe           ||     3
 Cast: Necrotise         ||    33
 Stab: Sleeping          ||     1
Armor: Robe              ||     4
Dodge: Dodged            ||    14
